 Dungeon Crawl Stone Soup version 0.31.0-12-g77e489cdc1 (webtiles) character file.

Game seed: 5814253566945036355

217962 Valeaz the Scribe (level 19, -10/148 (149) HPs)
             Began as a Gnoll Air Elementalist on Feb 23, 2024.
             Was a Priest of Sif Muna.
             Killed from afar by a storm dragon (29 damage)
             ... with a bolt of lightning
             ... on level 4 of the Spider Nest on Feb 26, 2024.
             The game lasted 03:35:22 (63382 turns).

Valeaz the Scribe (Gnoll Air Elementalist)         Turns: 63382, Time: 03:35:23

HP:   -10/148 (149) AC: 13    Str:  8 (11) XL:     19   Next: 10%
MP:   16/37         EV: 22    Int: 25 (27) God:    Sif Muna [***...]
Gold: 1714          SH: 13    Dex: 13 (14) Spells: 2/46 levels left

rFire   + . .        w - +3 scimitar (flame)
rCold   + + .        h - +1 kite shield {reflect}
rNeg    + . .        p - +5 robe "Mepy" {rPois rN+ Int+3}
rPois   +            X - +3 hat of Lifelessness {rC+ Int+4 Dex-3 Stlth+}
rElec   .            y - scarf {rC+ rF+}
rCorr   .            (no gloves)
SInv    .            W - +1 pair of boots {rampage}
Will    .....        a - amulet of faith
Stlth   ++++++       j - ring of wizardry
HPRegen 0.44/turn    i - ring "Jokkypn" {EV+5 Dex+5}
MPRegen 0.25/turn

%: reflection, rampage, faith, wizardry (x1)
@: weak-willed, very slightly contaminated, lightly drained
A: fangs 1, strong nose, distributed training
}: 1/15 runes: decaying
a: Renounce Religion, Channel Magic, Forget Spell


You were on level 4 of the Spider Nest.
You worshipped Sif Muna.
Sif Muna was most pleased with you.
You visited 6 branches of the dungeon, and saw 31 of its levels.
You also visited: Sewer, Ice Cave and Volcano.

You collected 3943 gold pieces.
You spent 2229 gold pieces at shops.

Inventory:

Hand Weapons
 e - a +1 heavy hand cannon
 w - a +3 scimitar of flaming (weapon)
 Y - the +4 rapier "Killer Klown's Death" {flame, rElec Will+}
   (You found it on level 5 of the Lair of Beasts)

   rElec:     It insulates you from electricity.
   Will+:     It increases your willpower.
Missiles
 H - 5 silver javelins
 N - 6 javelins
 Z - 2 darts of dispersal
Armour
 h - a +1 kite shield of reflection (worn)
 p - the +5 robe "Mepy" (worn) {rPois rN+ Int+3}
   (You took it off a boggart on level 9 of the Dungeon)

   Int+3:     It affects your intelligence (+3).
   rPois:     It protects you from poison rN+: It protects you from negative
   energy.
 y - a scarf of resistance (worn)
 W - a +1 pair of boots of rampaging (worn)
 X - the +3 hat of Lifelessness (worn) {rC+ Int+4 Dex-3 Stlth+}
   (You acquired it on level 4 of the Lair of Beasts)

   Int+4:     It affects your intelligence (+4).
   Dex-3:     It affects your dexterity (-3).
   rC+:       It protects you from cold.
   Stlth+:    It makes you more stealthy.
Magical Staves
 q - a staff of conjuration
 t - the staff of False Hope {^Fragile rElec rPois rCorr Air Alchemy}
   (You took it off a boggart on level 9 of the Dungeon)

   [staff of alchemy]

   Base accuracy: +5 Base damage: 5 Base attack delay: 1.2 This weapon's minimum
   attack delay (0.6) is reached at skill level 12.
   rElec:     It insulates you from electricity.
   rPois:     It protects you from poison rCorr: It protects you from acid and
   corrosion.
   ^Fragile:  It will be destroyed if unequipped.
   Air:       It increases the power of your Air spells.
   Alchemy:   It increases the power of your Alchemy spells.
   It falls into the 'Staves' category.
   It is a one-handed weapon.
Jewellery
 a - an amulet of faith (around neck)
 f - a ring of protection from fire
 i - the ring "Jokkypn" (right hand) {EV+5 Dex+5}
   (You found it on level 3 of the Lair of Beasts)

   [ring of evasion]

   EV+5:      It affects your evasion (+5).
   Dex+5:     It affects your dexterity (+5).
 j - a ring of wizardry (left hand)
 k - a ring of willpower
 F - a ring of resist corrosion
 G - the amulet "Ruilem" {Rampage rF+ Regen+}
   (You took it off Donald on level 3 of the Spider Nest)

   [amulet of regeneration]

   rF+:       It protects you from fire.
   Regen+:    It increases your rate of health regeneration.
   Rampage:   It bestows one free step when moving towards enemies.
 V - a ring of protection from cold
Talismans
 c - a dragon-blood talisman
Wands
 s - a wand of digging (10)
 C - a wand of charming (50)
 E - a wand of quicksilver (6)
 J - a wand of polymorph (2) (quivered)
 L - a wand of iceblast (14)
 P - a wand of flame (27)
 R - a wand of mindburst (21)
Scrolls
 b - 2 scrolls of revelation
 g - 2 scrolls of enchant armour
 m - a scroll of butterflies
 r - 3 scrolls of fog
 u - 4 scrolls of vulnerability
 z - a scroll of enchant weapon
 I - 3 scrolls of teleportation
 S - 3 scrolls of immolation
 U - 2 scrolls of fear
Potions
 d - 15 potions of curing
 l - 8 potions of enlightenment
 n - 4 potions of brilliance
 o - 5 potions of resistance
 v - a potion of cancellation
 x - 4 potions of might
 A - 3 potions of ambrosia
 B - 2 potions of magic
 D - 5 potions of haste
 K - 3 potions of lignification
 M - 8 potions of heal wounds
Miscellaneous
 Q - a phial of floods
 T - a phantom mirror


   Skills:
 + Level 13.3 Fighting
 + Level 13.3 Short Blades
 + Level 13.3 Long Blades
 + Level 13.3 Axes
 + Level 13.3 Maces & Flails
 + Level 13.3 Polearms
 + Level 13.3 Staves
 + Level 13.3 Ranged Weapons
 + Level 13.3 Throwing
 + Level 13.3 Armour
 + Level 14.0 Dodging
 + Level 13.9 Stealth
 + Level 13.3 Shields
 + Level 13.3 Unarmed Combat
 + Level 14.1 Spellcasting
 + Level 11.5 Conjurations
 + Level 11.2 Hexes
 + Level 11.2 Summonings
 + Level 11.2 Necromancy
 + Level 11.2 Translocations
 + Level 11.2 Fire Magic
 + Level 11.2 Ice Magic
 + Level 12.4 Air Magic
 + Level 11.2 Earth Magic
 + Level 11.2 Alchemy
 + Level 14.4 Invocations
 + Level 13.3 Evocations
 + Level 12.2 Shapeshifting


You had 2 spell levels left.
You knew the following spells:

 Your Spells              Type           Power      Damage    Failure   Level
a - Summon Cactus Giant   Summ           32%        N/A       5%          6
c - Olgreb's Toxic Radia  Alch           65%        N/A       1%          4
d - Ozocubu's Refrigerat  Ice            32%        4d14      28%         7
e - Plasma Beam           Fire/Air       33%        2x1d46    4%          6
f - Haunt                 Necr/Summ      32%        N/A       28%         7
g - Death Channel         Necr           32%        N/A       5%          6
i - Maxwell's Capacitive  Air            34%        ∞         77%         8

Your spell library contained the following spells:

 Spells                   Type           Power      Damage    Failure   Level
 Foxfire                  Conj/Fire      100%       2x1d9     1%          1
 Freeze                   Ice            100%       1d10      1%          1
 Kiss of Death            Conj/Necr      100%       2d13      1%          1
 Magic Dart               Conj           100%       1d8       1%          1
 Shock                    Conj/Air       100%       1d9       1%          1
 Slow                     Hex            100%       N/A       1%          1
 Sting                    Conj/Alch      100%       1d9       1%          1
 Blink                    Tloc           100%       N/A       1%          2
 Ensorcelled Hibernation  Hex/Ice        100%       N/A       1%          2
 Lesser Beckoning         Tloc           100%       N/A       1%          2
 Mercury Vapours          Alch/Air       100%       N/A       1%          2
 Momentum Strike          Conj/Tloc      100%       3d10      1%          2
 Searing Ray              Conj           100%       2d8       1%          2
 Static Discharge         Conj/Air       100%       3-8/arc   1%          2
 Confusing Touch          Hex            65%        N/A       1%          3
 Dazzling Flash           Conj/Hex       100%       N/A       1%          3
 Frozen Ramparts          Ice            100%       1d16      1%          3
 Gell's Gravitas          Tloc           65%        N/A       1%          3
 Hailstorm                Conj/Ice       65%        3d12      1%          3
 Mephitic Cloud           Conj/Alch/Air  66%        N/A       1%          3
 Sigil of Binding         Hex            65%        N/A       1%          3
 Stone Arrow              Conj/Erth      100%       3d13      1%          3
 Summon Ice Beast         Ice/Summ       65%        N/A       1%          3
 Swiftness                Air            69%        N/A       1%          3
 Teleport Other           Tloc           65%        N/A       1%          3
 Tukima's Dance           Hex            65%        N/A       1%          3
 Vampiric Draining        Necr           65%        2d10      1%          3
 Volatile Blastmotes      Fire/Tloc      100%       2d18      1%          3
 Airstrike                Air            34%        2d(5-21)  1%          4
 Anguish                  Hex/Necr       32%        N/A       1%          4
 Cause Fear               Hex            32%        N/A       1%          4
 Dimensional Bullseye     Hex/Tloc       32%        N/A       1%          4
 Flame Wave               Conj/Fire      65%        2d15      1%          4
 Iskenderun's Mystic Bla  Conj/Tloc      65%        2d13      1%          4
 Leda's Liquefaction      Alch/Erth      32%        N/A       1%          4
 Passage of Golubria      Tloc           65%        N/A       1%          4
 Summon Lightning Spire   Summ/Air       67%        N/A       1%          4
 Vhi's Electric Charge    Tloc/Air       100%       N/A       1%          4
 Curse of Agony           Necr           65%        N/A       1%          5
 Fireball                 Conj/Fire      32%        3d14      1%          5
 Freezing Cloud           Conj/Ice/Air   33%        6-21      1%          5
 Irradiate                Conj/Alch      32%        3d22      1%          5
 Lee's Rapid Deconstruct  Erth           32%        3d17*     1%          5
 Metabolic Englaciation   Hex/Ice        32%        N/A       1%          5
 Silence                  Hex/Air        33%        N/A       1%          5
 Summon Forest            Summ/Tloc      32%        N/A       1%          5
 Summon Mana Viper        Hex/Summ       65%        N/A       1%          5
 Bombard                  Conj/Erth      32%        9d6       4%          6
 Conjure Ball Lightning   Conj/Air       33%        3x3d11    4%          6
 Starburst                Conj/Fire      32%        6d10      4%          6
 Dispersal                Tloc           32%        N/A       5%          6
 Sculpt Simulacrum        Ice/Alch       32%        N/A       5%          6
 Enfeeble                 Hex            32%        N/A       28%         7
 Malign Gateway           Summ/Tloc      32%        N/A       28%         7
 Lehudib's Crystal Spear  Conj/Erth      32%        10d8      88%         8
 Borgnjor's Revivificati  Necr           32%        N/A       89%         8
 Death's Door             Necr           32%        N/A       100%        9
 Dragon's Call            Summ           32%        N/A       100%        9
 Fire Storm               Conj/Fire      32%        8d8       100%        9
 Polar Vortex             Ice            32%        12d4*     100%        9


Dungeon Overview and Level Annotations

Branches:
Dungeon (15/15) Temple (1/1) D:4 Lair (5/5) D:11 Swamp (4/4) Lair:3 Spider (4/4) Lair:3 Slime (0/5) Lair:5 Orc (2/2) D:10 Elf (0/3) Orc:2 Vaults (0/5) D:12 D:13 Depths (0/4) D:15 Sewer (visited) IceCv (visited) Volcano (visited)

Altars:
Ashenzari
Cheibriados
Dithmenos
Elyvilon
Fedhas
Gozag
Hepliaklqana
Kikubaaqudgha
Makhleb
Nemelex Xobeh
Okawaru
Qazlal
Ru
Sif Muna
Trog
Uskayaw
Vehumet
Wu Jian
Xom
Yredelemnul
Zin
The Shining One
Jiyva

Shops:
D:6 (   D:12 ?   D:15 ([=!   Orc:2 =!?(

Annotations:
D:15 Roxanne
Lair:4 1 runed translucent door, riffraff's ghost, journeyman AtFi
Lair:5 3 runed translucent doors, drgodel's ghost, journeyman DjFE
Spider:2 3 runed translucent doors, Dalarin's ghost, journeyman SpEn


Innate Abilities, Weirdness & Mutations

You have very sharp teeth.
Your uncanny sense of smell can sniff out nearby items.
Your experience applies equally to all skills.


Message History

The storm dragon is lightly wounded.
The nameless horror completely misses you.
The storm dragon barely misses you.
The storm dragon claws you but does no damage.
The storm dragon misses you.
Okay, then.
Magic courses through your body. You block the storm dragon's attack.
The storm dragon closely misses you. You block the storm dragon's attack.
The nameless horror misses you.
Casting: Summon Cactus Giant (dangerous; 5% risk of failure)
Confirm with . or Enter, or press ? or * to list all spells.
You begin to radiate toxic energy.
The storm dragon is poisoned.
The storm dragon looks even sicker.
You block the storm dragon's attack. The storm dragon completely misses you.
The storm dragon closely misses you.
The nameless horror hits you but does no damage.
You hit the nameless horror but do no damage.
The storm dragon breathes lightning at you.
The bolt of lightning hits you!!!
* * * LOW HITPOINT WARNING * * *
You block the nameless horror's attack.
Your toxic aura wanes.
The storm dragon breathes lightning at you.
The bolt of lightning misses you.
The nameless horror attacks as it pursues you!
You block the nameless horror's attack. You block the storm dragon's attack.
The storm dragon completely misses you. You block the storm dragon's attack.
There is a stone staircase leading up, spattered with blood here.
You feel much better.
The storm dragon breathes lightning at you.
The bolt of lightning misses you. The bolt of lightning hits you!!!
* * * LOW HITPOINT WARNING * * *
The bolt of lightning hits the storm dragon.
The storm dragon completely resists.
The nameless horror barely misses you.
Blink to where?
Press: ? - help, Dir - move target
As you read the scroll of blinking, it crumbles to dust.
The storm dragon breathes lightning at you.
The bolt of lightning hits you!!
You die...

^....^...###...§.^.^^.#
..........^.....X....##
...............D...^.#
....................##
....................##
..^..................#
........^...........^##
..............#.......#
.............[..@...^^#
(....................###
...............[......^#
......................##
..................#...#
.................[<...#
................###..##
...............###.^##
...............######


You could see a storm dragon (poisoned, catching breath) and a nameless horror.

Vanquished Creatures
  Bai Suzhen (Swamp:4)
  A bone dragon (Swamp:4)
  Rupert (D:12)
  Jorgrun (Spider:3)
  A thorn hunter (Swamp:2)
  Donald (Spider:3)
  2 frost giants
  4 emperor scorpions
  2 broodmothers
  A stone giant (Volcano)
  A quicksilver ooze (Lair:5)
  2 eleionomae
  Azrael (D:15)
  6 bunyips
  3 spark wasps
  A dire elephant (Lair:5)
  An entropy weaver (Spider:1)
  Josephine (D:11)
  13 hydras
  Fannar (D:10)
  2 spriggan air magi
  2 centaur warriors
  4 ghost crabs
  5 two-headed ogres
  2 jorogumos (Spider:4)
  A merfolk avatar (Lair:5)
  5 alligators
  A boulder beetle (Spider:3)
  3 radroaches (Spider:3)
  A death scarab (Spider:3)
  A vampire mage (D:15)
  5 demonic crawlers
  3 tengu warriors
  4 death yaks
  A spriggan berserker (Swamp:3)
  2 occultists (D:15)
  4 orc high priests (Orc:2)
  Sonja (D:12)
  A hell knight (D:15)
  A spectral emperor scorpion (Spider:4)
  9 spriggans
  3 skeletal warriors
  6 pharaoh ants
  7 goliath frogs
  3 nameless horrors
  A death drake (Swamp:4)
  8 orb spiders
  A spriggan druid (Swamp:4)
  4 swamp dragons
  6 bog bodies
  2 flayed ghosts (D:15)
  2 sea snakes (Lair:5)
  A sun moth (Spider:4)
  A spectral alligator (Swamp:4)
  6 orc knights
  A spectral wolf spider (Spider:4)
  A steelbarb worm (Spider:1)
  2 alligator zombies (Swamp:4)
  3 wolf spider zombies
  7 deep elf pyromancers
  A phantasmal warrior (Swamp:4)
  A necromancer (D:15)
  2 deep elf zephyrmancers
  20 ugly things
  An oklob plant (Lair:2)
  15 wolf spiders
  7 cyclopes
  3 will-o-the-wisps
  A manticore (D:14)
  An elephant (Lair:5)
  4 kobold blastminers (Orc:1)
  4 meliai
  6 moths of wrath
  A molten gargoyle (Lair:2)
  2 black mambas
  3 ice statues (IceCv)
  8 cane toads
  5 torpor snails
  10 komodo dragons
  An efreet (Volcano)
  A redback zombie (Spider:4)
  5 rime drakes
  A kobold demonologist (D:11)
  2 ice devils (Orc:1)
  3 swamp worm zombies (Swamp:4)
  An anaconda simulacrum (IceCv)
  A tengu conjurer (D:14)
  A troll (shapeshifter) (D:15)
  9 trolls
  2 wolf spider simulacra (Spider:1)
  2 bloated husks (Swamp:4)
  6 hornets
  A wind drake (Lair:5)
  9 tyrant leeches
  2 polar bears
  2 spectral swamp dragons (Swamp:4)
  Grinder (D:4)
  2 tarantella zombies (Spider:4)
  20 tarantellas
  A spriggan zombie (D:15)
  14 slime creatures
  6 culicivoras
  14 jumping spiders
  A fire dragon skeleton (D:15)
  8 wraiths
  Sigmund (D:4)
  Eustachio (D:4)
  A spriggan (shapeshifter) (D:12)
  4 tyrant leech zombies (Swamp:4)
  50 yaks
  3 wyverns
  5 basilisks
  5 hogs (Spider:1)
  8 fire elementals
  11 humans
  2 steam dragons (Lair:5)
  3 wargs (Orc:1)
  16 redbacks
  12 vampire mosquitoes
  2 acid dragons
  15 swamp worms
  10 water moccasins
  2 hell hounds (D:15)
  Duvessa (D:4)
  A sky beast (shapeshifter) (D:8)
  2 ice beasts
  33 orc warriors
  Pargi (Sewer)
  5 swamp drakes
  3 black bears
  2 laughing skulls (D:13)
  6 swamp dragon zombies (Swamp:4)
  8 ogres
  27 wolves
  A boggart (D:9)
  4 centaurs
  9 phantoms
  A brain worm (Sewer)
  3 kobold brigands
  2 earth elementals (Volcano)
  11 bullfrogs
  5 gnoll sergeants
  6 scorpions
  A cane toad simulacrum (IceCv)
  18 wights
  Dowan (D:4)
  4 killer bees
  7 howler monkeys
  2 gnoll boudas
  5 hounds
  A bombardier beetle (D:6)
  9 jellies
  26 orc priests
  4 sleepcaps
  5 iguanas
  18 orc wizards
  3 hell rats
  A polar bear simulacrum (IceCv)
  A wolf simulacrum (IceCv)
  21 gnolls
  9 adders
  2 shadow imps
  A white imp (D:6)
  2 dart slugs
  A ribbon worm (D:5)
  82 orcs
  8 ball pythons
  6 endoplasms
  2 giant cockroaches
  8 goblins
  7 hobgoblins
  7 jackals
  15 kobolds
  4 quokkas
  13 bats
  4 frilled lizards
  6 rats
  A butterfly (D:9)
  2 snaplasher vines (Swamp:4)
968 creatures vanquished.

Vanquished Creatures (collateral kills)
  Mlioglotl (Swamp:1)
  Kirke (Spider:1)
  An emperor scorpion (Spider:1)
  A very ugly thing (D:15)
  2 eleionomae
  A spark wasp (Spider:2)
  A hydra (Lair:5)
  An entropy weaver (Spider:2)
  A two-headed ogre (D:14)
  A boulder beetle (Spider:4)
  2 orc high priests (Orc:2)
  A demonic crawler (Spider:2)
  2 tengu warriors
  Urug (Orc:1)
  2 spriggans
  A hell knight (D:15)
  A skyshark (Lair:5)
  The ghost of VictorL the Thaumaturge, a novice DEHW of Vehumet (D:8)
  A sea snake (Lair:5)
  4 orb spiders
  A spectral alligator (Swamp:4)
  2 spectral hydras (Swamp:4)
  2 wolf spiders (Spider:1)
  4 spectral wolf spiders (Spider:1)
  4 wolf spider zombies (Spider:1)
  2 deep elf zephyrmancers (Orc:1)
  3 orc knights
  A sphinx simulacrum (D:15)
  2 deep elf pyromancers (Orc:1)
  An ugly thing (D:14)
  A necromancer (D:15)
  3 elephants (Lair:5)
  A moth of wrath (Spider:2)
  A black mamba (Lair:5)
  A cane toad (Lair:4)
  3 torpor snails
  2 komodo dragons (Lair:4)
  A freezing wraith (IceCv)
  A swamp worm zombie (Swamp:4)
  A tengu conjurer (D:15)
  A troll (shapeshifter) (D:13)
  10 tarantellas
  A tyrant leech (Swamp:1)
  7 hornets
  3 spriggan zombies (D:15)
  2 wolf spider simulacra (Spider:1)
  2 culicivoras (Spider:4)
  5 slime creatures (D:15)
  6 jumping spiders
  A wyvern (Lair:5)
  A hog (Spider:1)
  3 yaks
  5 humans
  3 redbacks
  6 vampire mosquitoes
  2 swamp worms (Swamp:3)
  A death yak simulacrum (IceCv)
  A water moccasin (Lair:4)
  A hydra simulacrum (IceCv)
  6 orc warriors
  A swamp drake (Swamp:2)
  2 wolves (Lair:5)
  A gnoll sergeant (D:8)
  2 cane toad simulacra (IceCv)
  3 jellies (Lair:5)
  2 orc priests
  7 hell rats
  2 orc wizards
  4 orcs (Orc:1)
  3 endoplasms (Lair:5)
158 creatures vanquished.

Vanquished Creatures (others)
  Nessos (D:13)
  A bloated husk (Swamp:2)
  A tarantella (Spider:3)
  A swamp dragon zombie (Swamp:4)
  8 foxfires
  A snaplasher vine (Swamp:4)
  4 starspawn tentacles (Swamp:1)
17 creatures vanquished.

Grand Total: 1143 creatures vanquished

Notes
Turn   | Place    | Note
-------+----------+-------------------------------------------
     0 | D:1      | Valeaz the Gnoll Air Elementalist began the quest for the
                  | Orb.
     0 | D:1      | Reached XP level 1. HP: 13/13 MP: 6/6
   153 | D:1      | Reached XP level 2. HP: 19/19 MP: 4/7
   828 | D:1      | Reached skill level 5 in Spellcasting
   828 | D:1      | Reached XP level 3. HP: 25/25 MP: 4/9
  1392 | D:2      | Reached skill level 1 in Invocations
  1430 | D:2      | Found a faded altar of an unknown god.
  1644 | D:2      | Reached skill level 1 in Fighting
  1644 | D:2      | Reached skill level 1 in Short Blades
  1644 | D:2      | Reached skill level 1 in Long Blades
  1644 | D:2      | Reached skill level 1 in Axes
  1644 | D:2      | Reached skill level 1 in Maces & Flails
  1644 | D:2      | Reached skill level 1 in Polearms
  1644 | D:2      | Reached skill level 1 in Staves
  1644 | D:2      | Reached skill level 1 in Ranged Weapons
  1644 | D:2      | Reached skill level 1 in Throwing
  1644 | D:2      | Reached skill level 1 in Armour
  1644 | D:2      | Reached skill level 1 in Shields
  1644 | D:2      | Reached skill level 1 in Unarmed Combat
  1644 | D:2      | Reached skill level 1 in Evocations
  1825 | D:2      | Reached skill level 1 in Shapeshifting
  1825 | D:2      | Reached XP level 4. HP: 32/32 MP: 7/11
  2261 | D:3      | Reached skill level 1 in Hexes
  2261 | D:3      | Reached skill level 1 in Summonings
  2261 | D:3      | Reached skill level 1 in Necromancy
  2261 | D:3      | Reached skill level 1 in Translocations
  2261 | D:3      | Reached skill level 1 in Fire Magic
  2261 | D:3      | Reached skill level 1 in Ice Magic
  2261 | D:3      | Reached skill level 1 in Earth Magic
  2261 | D:3      | Reached skill level 1 in Alchemy
  2378 | D:3      | Learned a level 4 spell: Airstrike
  2382 | D:3      | Learned a level 3 spell: Swiftness
  2979 | D:4      | Noticed a phantom
  3129 | D:4      | Reached XP level 5. HP: 37/37 MP: 8/12
  3304 | D:4      | Noticed Duvessa
  3304 | D:4      | Noticed Dowan
  3335 | D:3      | Killed a phantom
  3522 | D:4      | Found a staircase to the Ecumenical Temple.
  3549 | D:4      | Reached skill level 5 in Dodging
  3549 | D:4      | Reached XP level 6. HP: 19/44 MP: 1/14
  3562 | Temple   | Entered the Ecumenical Temple
  3569 | Temple   | Learned a level 5 spell: Freezing Cloud
  3676 | D:4      | Noticed Grinder
  3682 | D:4      | Paralysed by Grinder for 4 turns
  3686 | D:4      | Killed Grinder
  3687 | D:4      | Reached XP level 7. HP: 43/51 MP: 1/15
  3797 | D:4      | Found Zin's Purification Station.
  3800 | D:4      | Found a glowing silver altar of Zin.
  3803 | D:4      | Bought a potion of curing for 90 gold pieces
  3812 | D:4      | Killed Duvessa
  3847 | D:4      | Killed Dowan
  3848 | D:4      | Reached skill level 5 in Stealth
  4305 | D:4      | Noticed Sigmund
  4328 | D:4      | Killed Sigmund
  4566 | D:4      | Reached XP level 8. HP: 56/58 MP: 12/16
  4630 | D:4      | Noticed Eustachio
  4643 | D:4      | Killed Eustachio
  4797 | D:4      | Found a shimmering blue altar of Sif Muna.
  4800 | D:4      | Became a worshipper of Sif Muna the Loreminder
  4885 | D:5      | Entered Level 5 of the Dungeon
  4926 | D:5      | Found a glowing drain.
  4938 | Sewer    | Entered a sewer
  5118 | Sewer    | Noticed Pargi
  5126 | Sewer    | Killed Pargi
  5720 | D:5      | Reached * piety under Sif Muna
  6105 | D:5      | Reached XP level 9. HP: 33/65 MP: 1/18
  6433 | D:5      | Found a shadowy altar of Dithmenos.
  7232 | D:6      | Found Hianow's Weapon Boutique.
  7323 | D:6      | Reached skill level 5 in Invocations
  7610 | D:6      | Found a glowing golden altar of the Shining One.
  7672 | D:6      | Reached ** piety under Sif Muna
  8213 | D:6      | Noticed a two-headed ogre
  8243 | D:6      | Killed a two-headed ogre
  8244 | D:6      | Reached skill level 5 in Fighting
  8244 | D:6      | Reached skill level 5 in Short Blades
  8244 | D:6      | Reached skill level 5 in Long Blades
  8244 | D:6      | Reached skill level 5 in Axes
  8244 | D:6      | Reached skill level 5 in Maces & Flails
  8244 | D:6      | Reached skill level 5 in Polearms
  8244 | D:6      | Reached skill level 5 in Staves
  8244 | D:6      | Reached skill level 5 in Ranged Weapons
  8244 | D:6      | Reached skill level 5 in Throwing
  8244 | D:6      | Reached skill level 5 in Armour
  8244 | D:6      | Reached skill level 5 in Shields
  8244 | D:6      | Reached skill level 5 in Unarmed Combat
  8244 | D:6      | Reached skill level 5 in Evocations
  8244 | D:6      | Reached XP level 10. HP: 74/74 MP: 5/20
  9313 | D:7      | Reached skill level 5 in Conjurations
  9541 | D:7      | Reached skill level 5 in Shapeshifting
 10935 | D:8      | Noticed a moth of wrath
 10938 | D:8      | Found a transporter.
 10944 | D:8      | Found a transporter.
 10945 | D:8      | Found a bloodstained altar of Trog.
 10959 | D:8      | Noticed VictorL's ghost (novice DEHW)
 11814 | D:8      | Noticed a two-headed ogre
 12259 | D:8      | Reached skill level 5 in Hexes
 12259 | D:8      | Reached skill level 5 in Summonings
 12259 | D:8      | Reached skill level 5 in Necromancy
 12259 | D:8      | Reached skill level 5 in Translocations
 12259 | D:8      | Reached skill level 5 in Fire Magic
 12259 | D:8      | Reached skill level 5 in Ice Magic
 12259 | D:8      | Reached skill level 5 in Earth Magic
 12259 | D:8      | Reached skill level 5 in Alchemy
 12259 | D:8      | Reached XP level 11. HP: 67/81 MP: 3/22
 12543 | D:8      | Reached *** piety under Sif Muna
 12920 | D:9      | Found a white marble altar of Elyvilon.
 12948 | D:9      | Noticed a red ugly thing
 12953 | D:9      | Killed a red ugly thing
 12978 | D:9      | Identified the staff of False Hope {^Fragile rElec rPois
                  | rCorr Air Alchemy}
 12978 | D:9      | Identified the +5 robe "Mepy" {rPois rN+ Int+3}
 13183 | D:9      | Noticed a centaur warrior
 13188 | D:9      | Killed a centaur warrior
 13283 | D:9      | Noticed a four-headed hydra
 13287 | D:9      | Killed a four-headed hydra
 13477 | D:9      | Noticed a deep elf pyromancer
 13480 | D:9      | Killed a deep elf pyromancer
 14125 | D:9      | Found an iron altar of Okawaru.
 14544 | D:9      | Noticed a five-headed hydra
 14549 | D:9      | Killed a five-headed hydra
 14702 | D:10     | Entered Level 10 of the Dungeon
 14761 | D:10     | Found a staircase to the Orcish Mines.
 14900 | D:10     | Reached **** piety under Sif Muna
 14959 | D:10     | Noticed Fannar
 15366 | D:10     | Found a radiant altar of Vehumet.
 15374 | D:10     | Found a burning altar of Makhleb.
 15391 | D:10     | Reached XP level 12. HP: 91/91 MP: 17/24
 15907 | D:10     | Learned a level 3 spell: Dazzling Flash
 15917 | D:10     | Killed Fannar
 16216 | D:11     | Found a staircase to the Lair.
 16956 | D:11     | Noticed Josephine
 16963 | D:11     | Killed Josephine
 18139 | D:12     | Noticed a two-headed ogre
 18145 | D:12     | Noticed Sonja
 18146 | D:12     | Killed a two-headed ogre
 18164 | D:12     | Killed Sonja
 18271 | D:12     | Found a shadowy altar of Dithmenos.
 18272 | D:12     | Found Kanop's Magic Scroll Boutique.
 18279 | D:12     | Bought 3 scrolls of blinking for 247 gold pieces
 18279 | D:12     | Bought a scroll of amnesia for 44 gold pieces
 19740 | Lair:1   | Entered Level 1 of the Lair of Beasts
 19754 | Lair:1   | Reached XP level 13. HP: 98/98 MP: 0/26
 20222 | Lair:1   | Reached ***** piety under Sif Muna
 20728 | Lair:2   | Found a dark tunnel.
 20780 | Volcano  | Entered a volcano
 20786 | Volcano  | Learned a level 4 spell: Cause Fear
 21294 | Volcano  | Noticed a stone giant
 21320 | Volcano  | Killed a stone giant
 21983 | Lair:2   | Reached skill level 10 in Spellcasting
 22054 | Lair:2   | Identified the +4 chain mail of Isanifo {-Tele Harm rElec
                  | Will+}
 22358 | Lair:2   | Found a white marble altar of Elyvilon.
 23407 | Lair:3   | Reached skill level 10 in Dodging
 23496 | Lair:3   | Identified the ring "Jokkypn" {EV+5 Dex+5}
 24062 | Lair:3   | Reached skill level 10 in Stealth
 24075 | Lair:3   | Received a gift from Sif Muna
 24216 | Lair:3   | Got Sif Muna's Compilation of Shifting and Freezing {god
                  | gift}
 24224 | Lair:3   | Learned a level 5 spell: Summon Forest
 24373 | Lair:3   | Found a staircase to the Swamp.
 24447 | Lair:3   | Found a hole to the Spider Nest.
 24772 | Lair:4   | Learned a level 4 spell: Summon Lightning Spire
 24860 | Lair:4   | Found a runed translucent door.
 24861 | Lair:4   | Noticed riffraff's ghost (journeyman AtFi)
 24892 | Lair:4   | Reached skill level 10 in Invocations
 24892 | Lair:4   | Reached XP level 14. HP: 105/108 MP: 11/28
 25265 | D:8      | Killed VictorL's ghost
 26651 | Lair:4   | Identified a scroll of acquirement
 26652 | Lair:4   | Acquired the +3 hat of Lifelessness {rC+ Int+4 Dex-3
                  | Stlth+}
 27353 | Lair:5   | Entered Level 5 of the Lair of Beasts
 27601 | Lair:5   | Found a runed translucent gate.
 27601 | Lair:5   | Found a runed translucent gate.
 27601 | Lair:5   | Noticed an acid blob
 27602 | Lair:5   | Found a runed translucent gate.
 27602 | Lair:5   | Noticed an azure jelly
 27602 | Lair:5   | Noticed a quicksilver ooze
 27602 | Lair:5   | Noticed an azure jelly
 27603 | Lair:5   | Noticed an azure jelly
 27603 | Lair:5   | Noticed an acid blob
 27606 | Lair:5   | Noticed drgodel's ghost (journeyman DjFE)
 27606 | Lair:5   | Noticed an acid blob
 27606 | Lair:5   | Noticed an acid blob
 27607 | Lair:5   | Noticed an azure jelly
 27607 | Lair:5   | Noticed an azure jelly
 27618 | Lair:5   | Found a viscous altar of Jiyva.
 28009 | Lair:5   | Noticed a dire elephant
 28018 | Lair:5   | Killed a dire elephant
 29068 | Lair:5   | Reached skill level 10 in Air Magic
 29241 | Lair:5   | Found a viscous altar of Jiyva.
 29288 | Lair:5   | Found a staircase to the Slime Pits.
 29502 | Lair:5   | Identified the +4 rapier "Killer Klown's Death" {flame,
                  | rElec Will+}
 29605 | Lair:5   | Noticed a quicksilver ooze
 29611 | Lair:5   | Killed a quicksilver ooze
 29890 | D:12     | Gained mutation: Your system is resistant to poisons.
                  | (rPois) [potion of mutation]
 30000 | D:13     | Noticed Rupert
 30000 | D:13     | Noticed Nessos
 30000 | D:13     | Found a gate to the Vaults.
 30067 | D:12     | Received a gift from Sif Muna
 30068 | D:12     | Reached skill level 10 in Fighting
 30068 | D:12     | Reached skill level 10 in Short Blades
 30068 | D:12     | Reached skill level 10 in Long Blades
 30068 | D:12     | Reached skill level 10 in Axes
 30068 | D:12     | Reached skill level 10 in Maces & Flails
 30068 | D:12     | Reached skill level 10 in Polearms
 30068 | D:12     | Reached skill level 10 in Staves
 30068 | D:12     | Reached skill level 10 in Ranged Weapons
 30068 | D:12     | Reached skill level 10 in Throwing
 30068 | D:12     | Reached skill level 10 in Armour
 30068 | D:12     | Reached skill level 10 in Shields
 30068 | D:12     | Reached skill level 10 in Unarmed Combat
 30068 | D:12     | Reached skill level 10 in Evocations
 30074 | D:12     | Killed Rupert
 30249 | D:12     | Reached XP level 15. HP: 97/115 MP: 24/30
 30429 | D:13     | Killed Nessos
 31767 | D:14     | Found a sacrificial altar of Ru.
 31945 | D:14     | Received a gift from Sif Muna
 31946 | D:14     | Got Leituw's Directory of Smouldering Wounds {god gift}
 32025 | D:14     | Learned a level 6 spell: Summon Cactus Giant
 32942 | D:15     | Entered Level 15 of the Dungeon
 32961 | D:15     | Found Nautian's Antique Weapon Emporium.
 32970 | D:15     | Found Riti's Antique Armour Emporium.
 32980 | D:15     | Bought a masterwork ring mail for 279 gold pieces
 32980 | D:15     | Identified the +1 ring mail "Dihiloho" {-Tele Str+4} (You
                  | bought it in a shop on level 15 of the Dungeon)
 32989 | D:15     | Found an opulent altar of Gozag.
 33154 | D:15     | Found Mut Koto's Distillery.
 33164 | D:15     | Bought a potion of resistance for 100 gold pieces
 33164 | D:15     | Bought a potion of brilliance for 40 gold pieces
 33164 | D:15     | Bought a potion of cancellation for 80 gold pieces
 33164 | D:15     | Bought a potion of haste for 100 gold pieces
 33182 | D:15     | Found Ofarirph's Jewellery Boutique.
 33328 | D:15     | Noticed Roxanne
 33529 | D:15     | Learned a level 6 spell: Plasma Beam
 33744 | D:15     | Noticed Azrael
 33755 | D:15     | Killed Azrael
 34130 | D:15     | Noticed a frost giant
 34140 | D:15     | Noticed a frost giant
 34327 | D:15     | Received a gift from Sif Muna
 34407 | D:15     | Got Sif Muna's Dissertation on Transfiguration and
                  | Abominable Mysteries {god gift}
 34418 | D:15     | Found an ornate altar of the Wu Jian Council.
 34712 | D:14     | Killed a frost giant
 35113 | D:15     | Reached skill level 10 in Shapeshifting
 35125 | D:15     | Killed a frost giant
 35241 | D:15     | Reached XP level 16. HP: 124/124 MP: 13/32
 35530 | D:15     | Found a staircase to the Depths.
 35760 | Orc:1    | Entered Level 1 of the Orcish Mines
 35804 | Orc:1    | Found a frozen archway.
 35822 | IceCv    | Entered an ice cave
 36273 | IceCv    | Gained mutation: Your flesh is heat resistant. (rF+)
                  | [mutagenic glow]
 36725 | Orc:1    | You fall into a shaft and drop 1 floor!
 36725 | Orc:2    | Entered Level 2 of the Orcish Mines
 36752 | Orc:2    | Noticed Urug
 36774 | Orc:1    | Killed Urug
 38213 | Orc:1    | Received a gift from Sif Muna
 38214 | Orc:1    | Got Sif Muna's Textbook on Battling {god gift}
 38857 | Orc:2    | Found a staircase to the Elven Halls.
 40106 | Orc:2    | Received a gift from Sif Muna
 40107 | Orc:2    | Got Sif Muna's Incunable of Overhead Striking {god gift}
 40839 | Orc:2    | Found Allapaah's Weapon Shoppe.
 40839 | Orc:2    | Found Utwuim's Jewellery Shoppe.
 40840 | Orc:2    | Found Mashahea's Magic Scroll Shoppe.
 40840 | Orc:2    | Found Saog's Distillery.
 40851 | Orc:2    | Bought a scroll of teleportation for 39 gold pieces
 40851 | Orc:2    | Bought a scroll of blinking for 97 gold pieces
 40851 | Orc:2    | Bought a scroll of blinking for 97 gold pieces
 41393 | D:15     | Bought a ring of wizardry for 600 gold pieces
 41601 | Swamp:1  | Entered Level 1 of the Swamp
 42034 | Swamp:1  | Reached skill level 10 in Conjurations
 42420 | Swamp:1  | Found a hide-covered altar of Uskayaw.
 42421 | Swamp:1  | You fall into a shaft and drop 1 floor!
 43677 | Swamp:1  | Noticed Mlioglotl
 43694 | Swamp:1  | Noticed a tentacled starspawn
 43899 | Swamp:2  | Received a gift from Sif Muna
 43900 | Swamp:2  | Got Sif Muna's Collected Works on Venom and the Impact {god
                  | gift}
 43911 | Swamp:2  | Noticed a thorn hunter
 44299 | Swamp:1  | Killed Mlioglotl
 44300 | Swamp:1  | Reached XP level 17. HP: 78/133 MP: 23/33
 44918 | Swamp:2  | Reached skill level 10 in Hexes
 44918 | Swamp:2  | Reached skill level 10 in Summonings
 44918 | Swamp:2  | Reached skill level 10 in Necromancy
 44918 | Swamp:2  | Reached skill level 10 in Translocations
 44918 | Swamp:2  | Reached skill level 10 in Fire Magic
 44918 | Swamp:2  | Reached skill level 10 in Ice Magic
 44918 | Swamp:2  | Reached skill level 10 in Earth Magic
 44918 | Swamp:2  | Reached skill level 10 in Alchemy
 46721 | Swamp:3  | Received a gift from Sif Muna
 47098 | Swamp:4  | Entered Level 4 of the Swamp
 48143 | Swamp:4  | Noticed Bai Suzhen
 48630 | Spider:1 | Entered Level 1 of the Spider Nest
 48640 | Spider:1 | Learned a level 8 spell: Maxwell's Capacitive Coupling
 48787 | Swamp:3  | Gained mutation: You are frail. (-10% HP) [mutagenic glow]
 48929 | Swamp:3  | Gained mutation: Your health recovers twice as slowly from
                  | being drained. [mutagenic glow]
 49781 | Spider:1 | Received a gift from Sif Muna
 50297 | Spider:1 | Noticed Kirke
 50303 | Spider:1 | Killed Kirke
 51046 | Swamp:4  | Killed Bai Suzhen
 51801 | Swamp:4  | Reached XP level 18. HP: 126/126 MP: 15/35
 51891 | Swamp:4  | Noticed a bone dragon
 52035 | Swamp:4  | Killed a bone dragon
 52628 | Swamp:4  | Received a gift from Sif Muna
 52639 | Swamp:4  | Got Sif Muna's Lectures on Execration {god gift}
 52891 | Swamp:4  | Got a decaying rune of Zot
 54370 | Spider:2 | Identified the +1 rapier of Zetyizxi {freeze, rC+ Dex+2}
 54956 | Spider:2 | Found a hide-covered altar of Uskayaw.
 55384 | Spider:2 | Found a runed translucent gate.
 55384 | Spider:2 | Found a runed translucent gate.
 55384 | Spider:2 | Found a runed translucent gate.
 55392 | Spider:2 | Noticed Dalarin's ghost (journeyman SpEn)
 56126 | Spider:2 | Received a gift from Sif Muna
 56738 | Orc:2    | Bought a scroll of amnesia for 52 gold pieces
 56742 | Orc:2    | Bought 2 potions of heal wounds for 140 gold pieces
 56742 | Orc:2    | Lost mutation: You are frail. (-10% HP) [potion of
                  | mutation]
 56742 | Orc:2    | Lost mutation: Your system is resistant to poisons. (rPois)
                  | [potion of mutation]
 56742 | Orc:2    | Gained mutation: You have sharp fingernails. [potion of
                  | mutation]
 56742 | Orc:2    | Gained mutation: You occasionally lose the ability to read
                  | scrolls when taking damage. [potion of mutation]
 56742 | Orc:2    | Gained mutation: You are partially covered in iridescent
                  | scales. (AC +2) [potion of mutation]
 56743 | Orc:2    | Lost mutation: You occasionally lose the ability to read
                  | scrolls when taking damage. [potion of mutation]
 56743 | Orc:2    | Lost mutation: You have sharp fingernails. [potion of
                  | mutation]
 56743 | Orc:2    | Lost mutation: You are partially covered in iridescent
                  | scales. (AC +2) [potion of mutation]
 56743 | Orc:2    | Gained mutation: You are vulnerable to cold. (rC-) [potion
                  | of mutation]
 56743 | Orc:2    | Gained mutation: You possess an exceptional clarity of
                  | mind. [potion of mutation]
 56744 | Orc:2    | Bought a potion of mutation for 112 gold pieces
 56744 | Orc:2    | Bought a potion of mutation for 112 gold pieces
 56744 | Orc:2    | Lost mutation: Your flesh is heat resistant. (rF+) [potion
                  | of mutation]
 56744 | Orc:2    | Lost mutation: Your health recovers twice as slowly from
                  | being drained. [potion of mutation]
 56744 | Orc:2    | Gained mutation: Your muscles are strong. (Str +4, Int/Dex
                  | -1) [potion of mutation]
 56745 | Orc:2    | Lost mutation: Your muscles are strong. (Str +4, Int/Dex
                  | -1) [potion of mutation]
 56745 | Orc:2    | Lost mutation: You possess an exceptional clarity of mind.
                  | [potion of mutation]
 56745 | Orc:2    | Lost mutation: You are vulnerable to cold. (rC-) [potion of
                  | mutation]
 56745 | Orc:2    | Gained mutation: You expend magic power (3 MP) to
                  | strengthen your wands. [potion of mutation]
 56761 | Orc:2    | Learned a level 7 spell: Ozocubu's Refrigeration
 56769 | Orc:2    | Learned a level 7 spell: Haunt
 56776 | Orc:2    | Learned a level 6 spell: Death Channel
 56782 | Orc:2    | Learned a level 4 spell: Olgreb's Toxic Radiance
 57595 | Spider:3 | Lost mutation: You expend magic power (3 MP) to strengthen
                  | your wands. [mutagenic glow]
 58022 | Spider:3 | Noticed Jorgrun
 58561 | Spider:3 | Killed Jorgrun
 59428 | Spider:3 | Identified the amulet "Ruilem" {Rampage rF+ Regen+}
 59428 | Spider:3 | Noticed Donald
 59434 | Spider:3 | Killed Donald
 59976 | Spider:3 | Learned a level 6 spell: Summon Cactus Giant
 61145 | Spider:4 | Entered Level 4 of the Spider Nest
 61579 | Spider:3 | Reached XP level 19. HP: 121/149 MP: 20/37
 63382 | Spider:4 | Killed from afar by a storm dragon

Illustrated notes

Levels and vault maps discovered:
D:1:      kilobyte_arrival_exit_the_forest, layout_basic, nrook_campfire
D:2:      layout_basic, shapermc_ecumenical_altar_mp_urbaneastern
D:3:      layout_loops_cross
D:4:      layout_loops_ring, lemuel_blue_sif_altar, zin_purify,
          minmay_temple_entry_hall, uniq_eustachio, uniq_grinder, uniq_sigmund,
          uniq_duvessa
D:5:      layout_cave_pools, nicolae_overflow_hidden_temple,
          cheibrodos_sewer_entry_sluice
D:6:      layout_layer_cave, marbit_many_paths, serial_shops,
          nicolae_inconvenience_store, nicolae_kite_square_tiling_tiny,
          grunt_tough_drop
D:7:      layout_basic, chequers_serial_rivers_micro_e, minmay_starry_boxes
D:8:      minmay_polygon_palace, layout_loops_corners,
          gammafunk_ghost_wrathful_warriors
D:9:      minmay_sliced_demisemicircle, layout_cave_pools,
          nicolae_elyvilon_peaceful_grove, mainiacjoe_overflow_six_doors_small
D:10:     layout_long_grid, mainiacjoe_overflow_alcove_2,
          general_overflow_altar, kennysheep_orc_monster_closet_entryway,
          uniq_fannar
D:11:     layout_loops_corners, lair_entry_dummy, uniq_josephine
D:12:     layout_roguey, serial_shops, shop, nicolae_dithmenos_shadow_blocks,
          uniq_sonja
D:13:     layout_cave_pools, david_vaults_3
D:14:     layout_roguey, nrook_uturn, nicolae_ru_awakened_eye
D:15:     regret_index_condemned_cage, layout_rooms, grunt_gozag_statues,
          serial_shops, shop, nicolae_shop_competitors_out_of_business, shop,
          nicolae_shop_crystal, nicolae_wu_jian_wuxing_cycle, uniq_azrael,
          uniq_roxanne
Temple:   nicolae_temple_ecumenical_triangle
Lair:1:   layout_misc_corridors
Lair:2:   layout_chaotic_city, lightli_volcano_entry_magma_tube, st_stairs_13,
          nicolae_quartered_pool_impasse, lemuel_oklob_altar,
          serial_bayou_shore_a, infiniplex_staircase_pool_2
Lair:3:   layout_hall_layers, swamp_mist, spider_nest_entry_rubble,
          grunt_megastairs_4
Lair:4:   layout_cave_shapes, gammafunk_ghost_grave
Lair:5:   gammafunk_lair_ancient_temple, layout_big_grid,
          nicolae_slime_entry_slimehenge, gammafunk_ghost_ooze,
          nicolae_lair_time_for_slime
Swamp:1:  layout_basic_swamp, basic_altar, nicolae_swamp_decorative_isthmus,
          uniq_mlioglotl
Swamp:2:  layout_falls_marsh, hangedman_swamp_ruin_wall, swamp_pool_5,
          nicolae_swamp_tree_isthmus
Swamp:3:  layout_basic_swamp, evilmike_swamp_ruin_house_4
Swamp:4:  swamp_pestilence, layout_basic_swamp, nicolae_swamp_long_stream,
          uniq_bai_suzhen
Spider:1: layout_spider_delve, nicolae_spider_undead_wolf_pack, uniq_kirke
Spider:2: cheibrodos_forgotten_conduit, gammafunk_ghost_necromancy, drop_trap,
          nicolae_spider_altar_of_dancing
Spider:3: layout_cave_pods, nicolae_spider_some_kinda_spiderbox, uniq_jorgrun,
          uniq_donald
Spider:4: floodkiller_spider_rune_tomb
Orc:1:    layout_caves, portal_ice_cave_demonic_guard, elves_outpost_lemuel
Orc:2:    st_orc_pillars, layout_caves, uniq_urug

Skill      XL: |  1  2  3  4  5  6  7  8  9 10 11 12 13 14 15 16 17 18 19 |
---------------+----------------------------------------------------------+-----
Conjurations   | 2 3 4 5 6 7 8 9 10 11 | 11.5
Spellcasting   | 5 6 7 8 9 10 11 12 13 14 | 14.1
Invocations    | 1 2 3 4 5 6 7 8 10 11 12 13 14 | 14.4
Fighting       | 1 2 3 4 5 6 7 8 9 10 11 12 13 | 13.3
Short Blades   | 1 2 3 4 5 6 7 8 9 10 11 12 13 | 13.3
Long Blades    | 1 2 3 4 5 6 7 8 9 10 11 12 13 | 13.3
Axes           | 1 2 3 4 5 6 7 8 9 10 11 12 13 | 13.3
Maces & Flails | 1 2 3 4 5 6 7 8 9 10 11 12 13 | 13.3
Polearms       | 1 2 3 4 5 6 7 8 9 10 11 12 13 | 13.3
Staves         | 1 2 3 4 5 6 7 8 9 10 11 12 13 | 13.3
Ranged Weapons | 1 2 3 4 5 6 7 8 9 10 11 12 13 | 13.3
Throwing       | 1 2 3 4 5 6 7 8 9 10 11 12 13 | 13.3
Armour         | 1 2 3 4 5 6 7 8 9 10 11 12 13 | 13.3
Shields        | 1 2 3 4 5 6 7 8 9 10 11 12 13 | 13.3
Unarmed Combat | 1 2 3 4 5 6 7 8 9 10 11 12 13 | 13.3
Evocations     | 1 2 3 4 5 6 7 8 9 10 11 12 13 | 13.3
Shapeshifting  | 1 2 3 4 5 6 7 8 9 10 11 12 | 12.2
Hexes          | 1 2 3 4 5 6 7 8 9 10 11 | 11.2
Summonings     | 1 2 3 4 5 6 7 8 9 10 11 | 11.2
Necromancy     | 1 2 3 4 5 6 7 8 9 10 11 | 11.2
Translocations | 1 2 3 4 5 6 7 8 9 10 11 | 11.2
Fire Magic     | 1 2 3 4 5 6 7 8 9 10 11 | 11.2
Ice Magic      | 1 2 3 4 5 6 7 8 9 10 11 | 11.2
Earth Magic    | 1 2 3 4 5 6 7 8 9 10 11 | 11.2
Alchemy        | 1 2 3 4 5 6 7 8 9 10 11 | 11.2
Dodging        | 5 6 7 8 9 10 11 12 13 14 | 14.0
Stealth        | 5 6 7 8 9 10 11 12 13 | 13.9
Air Magic      | 6 7 8 9 10 11 12 | 12.4

Action                     |  1- 3 |  4- 6 |  7- 9 | 10-12 | 13-15 | 16-18 | 19-21 || total
---------------------------+-------+-------+-------+-------+-------+-------+-------++-------
  Melee: Unarmed           |     5 |       |       |       |       |       |       ||     5
         Bite              |     1 |       |     6 |    10 |    45 |    66 |     9 ||   137
         Dagger            |     8 |    10 |       |       |       |       |       ||    18
         Staff             |       |       |    20 |    11 |    19 |     1 |       ||    51
         Rapier            |       |       |    17 |    83 |     4 |       |       ||   104
         Punch             |       |       |     1 |     4 |       |     8 |       ||    13
         Morningstar       |       |       |       |     5 |       |       |       ||     5
         Scimitar          |       |       |       |       |   332 |   467 |    38 ||   837
         Hand cannon       |       |       |       |       |       |     5 |       ||     5
   Fire: Hand cannon       |       |       |       |       |       |    17 |    10 ||    27
  Throw: Throwing net      |       |       |       |     1 |       |       |       ||     1
   Cast: Shock             |    75 |    76 |   199 |   236 |   342 |   252 |       ||  1180
         Airstrike         |       |     7 |    42 |   150 |   148 |   253 |       ||   600
         Freezing Cloud    |       |       |     2 |    36 |    87 |    76 |       ||   201
         Swiftness         |       |       |       |     2 |     1 |     3 |       ||     6
         Summon Lightning  |       |       |       |       |    59 |    91 |       ||   150
         Summon Cactus Gia |       |       |       |       |     3 |    33 |     2 ||    38
         Plasma Beam       |       |       |       |       |     2 |   155 |    20 ||   177
         Summon Forest     |       |       |       |       |     1 |     4 |       ||     5
         Maxwell's Capacit |       |       |       |       |       |     7 |       ||     7
         Ozocubu's Refrige |       |       |       |       |       |    42 |     1 ||    43
         Olgreb's Toxic Ra |       |       |       |       |       |     6 |     2 ||     8
         Haunt             |       |       |       |       |       |     5 |     1 ||     6
         Death Channel     |       |       |       |       |       |     1 |     1 ||     2
 Invoke: Channel Magic     |       |       |     1 |     3 |     3 |    11 |     2 ||    20
         Forget Spell      |       |       |       |       |       |     5 |       ||     5
  Evoke: Wand              |       |       |       |       |       |     1 |     4 ||     5
    Use: Potion            |       |       |     1 |     2 |     4 |     7 |     3 ||    17
         Scroll            |       |       |       |    24 |     8 |    10 |     3 ||    45
   Stab: Distracted        |       |       |       |       |     8 |     4 |       ||    12
         Sleeping          |       |       |       |       |       |     1 |       ||     1
 Armour: Robe              |     8 |    24 |    31 |    71 |   268 |   379 |    72 ||   853
         Troll leather arm |       |       |    36 |    78 |       |       |       ||   114
  Dodge: Dodged            |    14 |    35 |    50 |   119 |   263 |   574 |    88 ||  1143
  Block: Kite shield       |       |       |       |       |   287 |   440 |    61 ||   788
         Reflection        |       |       |       |       |     3 |    25 |       ||    28
